[Event "Early-Titled-Tuesday-Blitz-June-18-2024"]
[Site "Chess.com"]
[Date "2024.06.18"]
[Round "4"]
[White "Bkmzzzzz"]
[Black "GlavkonVVS"]
[Result "1-0"]
[WhiteElo "2384"]
[BlackElo "2530"]
[TimeControl "180+1"]
[EndTime "8:41:26 PDT"]
[Termination "Bkmzzzzz won by resignation"]

1. e4 Nf6 2. Nc3 d5 3. d3 c5 4. exd5 Nxd5 5. Nxd5 Qxd5 6. Nf3 Bg4 7. Be2 Nc6 8. h3 Bh5 9. O-O e6 10. Bf4 Be7 11. Qd2 Bf6 12. c3 O-O 13. Rfd1 Rfd8 14. Qe3 Bg6 15. c4 Qf5 16. g4 Bd4 17. Nxd4 cxd4 18. gxf5 dxe3 19. fxg6 exf2+ 20. Kxf2 hxg6 21. Be3 Ne7 22. Bf3 Rd7 23. d4 Rc8 24. b3 b6 25.
Be4 f5 26. Bf3 Kf7 27. Bg5 Nc6 28. Bxc6 Rxc6 29. h4 Rcd6 30. Ke3 e5 31. d5 b5 32.
cxb5 Rxd5 33. Rxd5 Rxd5 34. Rc1 Rxb5 35. Rc7+ Kg8 36.
Rxa7 Rb4 37. Re7 Re4+ 38. Kf3 Kf8 39. Re6 Kf7 40. Re7+ Kf8 41. Ra7 Rd4 42. Ra5 e4+ 43. Ke2 Kf7 44. Ra7+ Kg8 45. Rb7 Rd3 46. Be3 Rc3 47.
Rxg7+ Kf8 48. Rxg6 Rc2+ 49. Kd1 Rxa2 50. Rf6+ Ke7 51.
Rxf5 Rh2 52. Bg5+ Ke6 53. Rc5 Rb2 54. Rc3 Kd5 55. Re3 Kd4 56. Kc1 Rg2 57. Kd1 Ra2 58. Ke1 Rg2 59. Kf1 Rxg5 60. hxg5 Kxe3 61. Ke1 Kf4 62.
g6 Ke5 63. g7 1-0

[Event "Early-Titled-Tuesday-Blitz-June-18-2024"]
[Site "Chess.com"]
[Date "2024.06.18"]
[Round "4"]
[White "evgchess5"]
[Black "SuperPower2011"]
[Result "0-1"]
[WhiteElo "2920"]
[BlackElo "2722"]
[TimeControl "180+1"]
[EndTime "8:41:27 PDT"]
[Termination "SuperPower2011 won on time"]

1. e4 c5 2. Nf3 d6 3. Bb5+ Bd7 4.
c4 e5 5. Bxd7+ Qxd7 6. Nc3 Nc6 7. d3 Nge7 8. O-O Ng6 9. a3 Be7 10. Rb1 O-O 11. b4 f5 12. exf5 Rxf5 13. Be3 Raf8 14. Nd2 Nd4 15. Nce4 Nf4 16. Bxf4 Rxf4 17. f3 Rh4 18. Rf2 b6 19. Nf1 Qf5 20. bxc5 dxc5 21.
Ne3 Qh5 22. Ng4 Qf5 23. Qe1 h5 24. Ne3 Qg6 25. Kh1 Bd8 26. Nd5 Qe6 27. Qd2 Kh8 28.
Rbf1 Qg6 29. g3 Rh3 30. Kg2 Qe6 31. Qe3 h4 32. Ng5 Bxg5 33. Qxg5 hxg3 34. hxg3 Rh6 35. g4 Qd6 36. Ne3 Ne6 0-1

[Event "Early-Titled-Tuesday-Blitz-June-18-2024"]
[Site "Chess.com"]
[Date "2024.06.18"]
[Round "4"]
[White "Eliwood44"]
[Black "HamedWafa4"]
[Result "1-0"]
[WhiteElo "2488"]
[BlackElo "2672"]
[TimeControl "180+1"]
[EndTime "8:41:27 PDT"]
[Termination "Eliwood44 won on time"]

1. d4 Nf6 2. c4 e6 3. Nc3 Bb4 4. e3 O-O 5. Bd3 c5 6. Ne2 cxd4 7. exd4 d5 8. a3 dxc4 9. Bxc4 Be7 10. O-O b6 11. d5 exd5 12. Nxd5 Be6 13. Nef4 Nxd5 14. Bxd5 Bxd5 15. Qxd5 Na6 16. Be3 Bf6 17. Qb5 Nc7 18.
Qb3 Qe7 19. Rfe1 Rfe8 20. Bd2 Qd7 21. Rad1 Rad8 22. Rxe8+ Rxe8 23. Be3 Qe7 24. Qa4 Rd8 25. Rxd8+ Qxd8 26. g3 Qa8 27. Qd7 Qd8 28. Qa4 Qb8 29.
b3 g6 30. h4 h5 31. Bd4 Bxd4 32. Qxd4 Qe8 33. a4 Qe7 34. Kh2 Kh7 35. a5 bxa5 36.
Qxa7 Qe5 37. Nd3 Qd6 38. Nc5 Kg7 39. Qxa5 Nd5 40. Qa1+ Kh7 41. Qd4 Qc6 42. Ne4 Kg8 43.
Qxd5 1-0

[Event "Early-Titled-Tuesday-Blitz-June-18-2024"]
[Site "Chess.com"]
[Date "2024.06.18"]
[Round "4"]
[White "savitha1030"]
[Black "Flawless_Fighter"]
[Result "0-1"]
[WhiteElo "2577"]
[BlackElo "2806"]
[TimeControl "180+1"]
[EndTime "8:41:28 PDT"]
[Termination "Flawless_Fighter won by resignation"]

1. e4 e5 2. Nf3 Nf6 3. Nxe5 d6 4.
Nf3 Nxe4 5. Nc3 Nf6 6. d4 d5 7. Bd3 c6 8. O-O Be7 9. Re1 O-O 10. Bg5 h6 11. Bh4 Bg4 12. h3 Bh5 13. g4 Bg6 14. Bxg6 fxg6 15. Ne5 g5 16. Ng6 Rf7 17. Bg3 Nbd7 18. Ne5 Rf8 19. Qd3 Nxe5 20. dxe5 Nd7 21. e6 Nc5 22. Qd4 Qb6 23. b4 Na6 24. Qxb6 axb6 25.
a3 b5 26. Be5 Rfe8 27. Kg2 Bf6 28. Bxf6 gxf6 29. f4 gxf4 30. Kf3 Nc7 31. e7 Kf7 32. Kxf4 Rxe7 33. Rxe7+ Kxe7 34. Kf5 Kf7 35. a4 Ne6 36. a5 Nd4+ 37. Kf4 Nxc2 38. Rb1 Nd4 39. Rd1 Ne6+ 40.
Kf3 Ng5+ 41. Kg3 Re8 42. Rd3 Ne4+ 43. Kf4 Nxc3 44. Rxc3 Re4+ 45. Kf3 Rxb4 46. a6 bxa6 47. Rxc6 a5 48. Rd6 a4 49. Rxd5 a3 50. Rd7+ Kg6 51.
Ra7 Ra4 52. Rb7 a2 53. h4 a1=Q 54. h5+ Kg5 0-1

[Event "Early-Titled-Tuesday-Blitz-June-18-2024"]
[Site "Chess.com"]
[Date "2024.06.18"]
[Round "4"]
[White "Hamisandwich"]
[Black "tptagain"]
[Result "0-1"]
[WhiteElo "2764"]
[BlackElo "2942"]
[TimeControl "180+1"]
[EndTime "8:41:29 PDT"]
[Termination "tptagain won on time"]

1. e4 c5 2. Nf3 Nc6 3. Bb5 e6 4. O-O Nge7 5. Re1 a6 6. Bf1 b6 7. c3 d5 8. exd5 Nxd5 9. d4 cxd4 10. Nxd4 Bb7 11. Nxc6 Bxc6 12. Qd4 Qf6 13. Qxf6 gxf6 14.
Nd2 h5 15. Ne4 Be7 16. a3 f5 17. Ng5 h4 18. h3 Rg8 19. Nf3 Bf6 20. Nd4 Bxd4 21.
cxd4 Bb5 22. Bd2 Bxf1 23. Kxf1 Kd7 24. Rac1 Rac8 25. Rxc8 Kxc8 26. Rc1+ Kd7 27. f3 f6 28.
Re1 Ne7 29. Rc1 Nc6 30. Be1 Rh8 31. Bf2 Kd6 32. d5 Kxd5 33. Bxb6 Rb8 34. Bf2 Rh8 35. Rc5+ Kd6 36. Rc4 e5 37. Rxh4 Rb8 38. b4 f4 39.
Rh6 Ke6 40. Bh4 Rf8 41. Rh7 Ne7 42. Bf2 Rd8 43. Bc5 Nf5 44. Ra7 Rd2 45. Rxa6+ Kf7 46. b5 Ng3+ 47. Ke1 Rxg2 48. b6 Rb2 49. Bb4 e4 50. Ra7+ Kg6 51. b7 exf3 52. Bc5 Ne4 53. Bd4 f2+ 54. Bxf2 Nxf2 55. a4 Ne4 56. a5 f3 0-1

[Event "Early-Titled-Tuesday-Blitz-June-18-2024"]
[Site "Chess.com"]
[Date "2024.06.18"]
[Round "4"]
[White "bocah_sakit"]
[Black "Heliosis11"]
[Result "0-1"]
[WhiteElo "2594"]
[BlackElo "2453"]
[TimeControl "180+1"]
[EndTime "8:41:29 PDT"]
[Termination "Heliosis11 won on time"]

1. e4 e5 2. Nf3 Nc6 3. Bb5 a6 4.
Ba4 Nf6 5. O-O b5 6. Bb3 Bc5 7.
a4 Rb8 8. c3 d6 9. d4 Bb6 10.
a5 Ba7 11. Re1 O-O 12. h3 h6 13. Be3 Ra8 14. Nbd2 Bd7 15. Nf1 Qe7 16. Ng3 Rfe8 17. dxe5 Nxe5 18. Nd4 Qf8 19. Ngf5 c5 20. Nf3 Bxf5 21.
exf5 c4 22. Bc2 Qe7 23. Nxe5 dxe5 24. Qf3 Bxe3 25. Rxe3 Rad8 26. Qe2 Nd5 27. Rg3 Nf4 28.
Qe4 Qf6 29. Qe3 Rd6 30. Rd1 Rxd1+ 31. Bxd1 Rd8 32. Bc2 Qd6 33. Qe4 f6 34. Qb7 Rd7 35.
Qc8+ Kh7 36. Kh2 Ne2 37. Rg4 Qd2 38. Be4 Qe1 0-1

[Event "Early-Titled-Tuesday-Blitz-June-18-2024"]
[Site "Chess.com"]
[Date "2024.06.18"]
[Round "4"]
[White "MuradNuri"]
[Black "Kopytkin"]
[Result "1-0"]
[WhiteElo "2672"]
[BlackElo "2427"]
[TimeControl "180+1"]
[EndTime "8:41:29 PDT"]
[Termination "MuradNuri won on time"]

1. e4 Nf6 2. Nc3 d5 3. exd5 g6 4. d4 Bg7 5. Bc4 O-O 6. Nge2 Nbd7 7. Bb3 Nb6 8. Nf4 Bg4 9. Qd3 Qd7 10. O-O g5 11.
Nfe2 h6 12. Ne4 Nxe4 13. Qxe4 Rad8 14. c4 f5 15. Qd3 f4 16. f3 Bf5 17. Qd1 Kh8 18. Nc3 c6 19. Kh1 cxd5 20. cxd5 Rc8 21. Re1 Rfe8 22. Re5 a6 23. Qe2 Bh7 24. Re6 Bg8 25.
Rxb6 Qc7 26. Rg6 Bh7 27. Re6 Bg8 28. d6 Qd7 29. Rxe7 Rxe7 30. dxe7 Re8 31. Bxg8 Kxg8 32.
Ne4 Rxe7 33. Qc4+ Kh8 34. Bd2 Qxd4 35. Qxd4 Bxd4 36. Bc3 Bxc3 37. bxc3 Rd7 38. Kg1 Kg7 39.
h4 Kg6 40. hxg5 hxg5 41. Rb1 b5 42. a4 Rd5 43. axb5 axb5 44. Kf2 Kf5 45. Rxb5 Rxb5 46. Nd6+ Ke5 47. Nxb5 Kd5 48. Nd4 Kc4 49. Ne6 Kxc3 50. Nxg5 Kd3 51. Nh3 1-0

[Event "Early-Titled-Tuesday-Blitz-June-18-2024"]
[Site "Chess.com"]
[Date "2024.06.18"]
[Round "4"]
[White "maximnovik"]
[Black "sammartin99"]
[Result "1-0"]
[WhiteElo "2530"]
[BlackElo "2341"]
[TimeControl "180+1"]
[EndTime "8:41:30 PDT"]
[Termination "maximnovik won on time"]

1. e4 e6 2. d4 d5 3. e5 c5 4. c3 Qb6 5. Nf3 Bd7 6. Bd3 cxd4 7. O-O Nc6 8. Re1 Nge7 9. h4 h6 10. Nbd2 dxc3 11. bxc3 Na5 12. Rb1 Qc7 13. Ba3 Nec6 14.
Bxf8 Kxf8 15. Nb3 Nxb3 16. axb3 Ke7 17. Qd2 Rhd8 18. b4 Kf8 19. Qf4 Ne7 20. h5 Kg8 21. Rbc1 b5 22. g4 f5 23. gxf5 Nxf5 24. Bxf5 exf5 25. Kh2 Rf8 26. Rg1 Kh8 27. Rg6 Rf7 28. Nd4 Rg8 29. Rcg1 Be8 30. R6g3 Re7 31. Nxf5 Qxe5 32.
Qxe5 Rxe5 33. Nd4 Bxh5 34. f4 Re4 35. f5 Be2 36. f6 Rh4+ 37. Kg2 gxf6 38. Rxg8+ Kxg8 39. Kf2+ Bg4 40. Nf5 Rh5 41. Rxg4+ Kf7 42. Nd4 a6 43. Ke3 Rh3+ 44. Kd2 h5 45. Rg1 Rh2+ 46. Ke3 Rh3+ 47. Nf3 f5 48. Kf4 Kf6 49. Rg8 Rh1 50.
Rf8+ Ke6 51. Ng5+ Ke7 52. Rc8 Rf1+ 53. Ke5 h4 54. Rc7+ Kd8 55. Ne6+ Ke8 56. Kf6 1-0

[Event "Early-Titled-Tuesday-Blitz-June-18-2024"]
[Site "Chess.com"]
[Date "2024.06.18"]
[Round "4"]
[White "cristiano78"]
[Black "AndresDelgado77"]
[Result "1-0"]
[WhiteElo "2240"]
[BlackElo "2357"]
[TimeControl "180+1"]
[EndTime "8:41:30 PDT"]
[Termination "cristiano78 won on time"]

1. d4 Nf6 2. c4 c5 3. d5 b5 4.
cxb5 a6 5. bxa6 Bxa6 6. Nc3 d6 7. Nf3 Qa5 8. Bd2 Nbd7 9. b3 g6 10. g3 Bg7 11. Rc1 O-O 12. e4 Ng4 13. Bxa6 Qxa6 14. Qe2 Nde5 15. Nxe5 Nxe5 16. Qxa6 Rxa6 17. Ke2 c4 18.
Na4 cxb3 19. axb3 Rb8 20. Rb1 Nd7 21. Rhc1 Ra7 22. f4 Rab7 23. b4 Ra7 24. Nc3 Nb6 25. Kd3 f5 26. exf5 gxf5 27. Nb5 Ra4 28. Nc7 Ra3+ 29.
Ke2 Na4 30. Ne6 Bf6 31. b5 Ra2 32. Kd1 Nb2+ 33. Ke2 Rxb5 34. Rc8+ Kf7 35. Rc2 Na4 36. Rxa2 Rxb1 37. Rxa4 Rb5 38. Ra7 Rxd5 39. Nc7 Rc5 40.
Na6 Rc2 41. Kd3 Rb2 42. Nb4 Rb3+ 43. Kc2 Rf3 44. Nd5 Rf2 45. Nxf6 Kxf6 46. h4 Rg2 47.
Ra3 h5 48. Re3 e6 49. Kd3 1-0

[Event "Early-Titled-Tuesday-Blitz-June-18-2024"]
[Site "Chess.com"]
[Date "2024.06.18"]
[Round "4"]
[White "Herzog2012"]
[Black "klimkoj"]
[Result "0-1"]
[WhiteElo "2611"]
[BlackElo "2901"]
[TimeControl "180+1"]
[EndTime "8:41:31 PDT"]
[Termination "klimkoj won on time"]

1. e4 c5 2. Nf3 d6 3. d4 cxd4 4. Nxd4 Nf6 5. Nc3 a6 6. Bg5 Nbd7 7. Bc4 Qb6 8. Bb3 e6 9. Qd2 Be7 10. O-O-O Nc5 11. f3 Qc7 12. g4 b5 13. a3 Rb8 14.
Kb1 Bd7 15. Qe2 b4 16. axb4 Rxb4 17. f4 h6 18. Bh4 Qb7 19. e5 dxe5 20. fxe5 Nfe4 21.
Nxe4 Qxe4 22. Qxe4 Nxe4 23. Bxe7 Kxe7 24. Rhf1 Nc5 25. Rf4 Rhb8 26. Rdf1 Be8 27. h4 a5 28. Kc1 a4 29. Ba2 Rxb2 30. Bc4 a3 31. Kd2 R2b4 32.
Kc3 Na4+ 33. Kd2 Rxc4 34. Nf5+ exf5 35. Rxc4 fxg4 36. Rxg4 Rd8+ 37. Ke3 a2 38. Ra1 Nc3 39. Rc4 Rd1 0-1

[Event "Early-Titled-Tuesday-Blitz-June-18-2024"]
[Site "Chess.com"]
[Date "2024.06.18"]
[Round "4"]
[White "N18player"]
[Black "Resourchess"]
[Result "1-0"]
[WhiteElo "2550"]
[BlackElo "2381"]
[TimeControl "180+1"]
[EndTime "8:41:31 PDT"]
[Termination "N18player won by checkmate"]

1. e4 d6 2. d4 g6 3. Bd3 Bg7 4. c3 Nf6 5. Nf3 O-O 6. O-O c5 7. Re1 Nc6 8. h3 cxd4 9. cxd4 e5 10. dxe5 dxe5 11. Nc3 h6 12. Be3 Be6 13. a3 Kh7 14.
Rc1 Qd7 15. Na4 Rad8 16. Nc5 Qe7 17. Qc2 Bc8 18. b4 Nd4 19. Bxd4 exd4 20. e5 Nh5 21. e6 f5 22. Qd2 b6 23. Nb3 Bb7 24. Ne5 Bxe5 25. Rxe5 Rfe8 26. Rce1 Qg5 27. Qxg5 hxg5 28. e7 Rc8 29. Bb5 Bc6 30. Bxc6 Rxc6 31. Nxd4 Rd6 32. Ne6 Ng7 33. Nc7 Rc8 34. e8=Q Nxe8 35. Nxe8 Rd2 36. Re7+ Kh6 37. Nf6 Rh8 38. Rxa7 g4 39.
h4 g5 40. Re6 gxh4 41. Ne4+ Kh5 42. Nxd2 Rd8 43. Nf1 g3 44. fxg3 Kg4 45. Rg7+ Kh5 46. gxh4 b5 47. Ng3+ Kxh4 48. Rh6# 1-0

[Event "Early-Titled-Tuesday-Blitz-June-18-2024"]
[Site "Chess.com"]
[Date "2024.06.18"]
[Round "4"]
[White "Lennis93"]
[Black "penguingm1"]
[Result "0-1"]
[WhiteElo "2622"]
[BlackElo "2955"]
[TimeControl "180+1"]
[EndTime "8:41:32 PDT"]
[Termination "penguingm1 won by checkmate"]

1. c4 e6 2. Nf3 d5 3. e3 Nf6 4. Nc3 b6 5. cxd5 Nxd5 6. d4 Bb7 7. Bb5+ c6 8. Bd3 Nd7 9. O-O Be7 10. e4 Nxc3 11.
bxc3 O-O 12. Re1 c5 13. d5 exd5 14. exd5 Bxd5 15. Bxh7+ Kxh7 16. Qxd5 Kg8 17. Bf4 Nf6 18. Qf5 Re8 19. Rad1 Qc8 20. Qg5 Ne4 21. Qh5 Nxc3 22. Ne5 Qe6 23. Rd3 g6 24. Qh6 Bf8 25. Qh4 Be7 26.
Qh6 Bf8 27. Qh4 Bg7 28. Rxc3 f6 29. Rh3 fxe5 30. Qh7+ Kf8 31. Bh6 Bxh6 32. Rxh6 Qf7 33. Qh8+ Ke7 34. Qxe5+ Kd7 35. Rd1+ Kc6 36. Qd6+ Kb5 37.
Qd3+ Ka5 38. Qa3+ Kb5 39. Rh3 a5 40. Rb3+ Ka6 41. Qa4 Qe6 42. Qb5+ Kb7 43. Rd7+ Kc8 44. g3 Qxd7 45. Qxb6 Qd1+ 46. Kg2 Qd5+ 47. Kh3 Rh8+ 48. Kg4 Qf5# 0-1

[Event "Early-Titled-Tuesday-Blitz-June-18-2024"]
[Site "Chess.com"]
[Date "2024.06.18"]
[Round "4"]
[White "rockstar0902"]
[Black "Vaathi_Coming"]
[Result "0-1"]
[WhiteElo "2613"]
[BlackElo "2887"]
[TimeControl "180+1"]
[EndTime "8:41:32 PDT"]
[Termination "Vaathi_Coming won on time"]

1. d4 g6 2. c4 Bg7 3. Nc3 e6 4.
e4 Ne7 5. Bg5 h6 6. Be3 d5 7.
Bd3 c5 8. cxd5 exd5 9. Nge2 O-O 10. O-O Nbc6 11. exd5 cxd4 12. dxc6 dxe3 13. cxb7 exf2+ 14. Rxf2 Bxb7 15. Qb3 Rb8 16. Rd1 Qc7 17. Qc4 Qb6 18.
Na4 Qe3 19. Nec3 Bd4 20. Rf1 Qe5 21. Qb5 Nd5 22. Ne4 Bxf2+ 23. Rxf2 Qd4 24. Qc4 Qxc4 25. Bxc4 Kg7 26. Nd6 Bc6 27. Nc5 Rbd8 28. Ndb7 Bxb7 29. Nxb7 Rd7 30. Na5 Ne3 31. Be2 Rd2 32. h4 Rxb2 33. Nc6 Rxa2 34. Ne5 Ra1+ 35. Kh2 Ra2 36. h5 Nf5 0-1

[Event "Early-Titled-Tuesday-Blitz-June-18-2024"]
[Site "Chess.com"]
[Date "2024.06.18"]
[Round "4"]
[White "Keeper0416"]
[Black "Mackster23"]
[Result "1-0"]
[WhiteElo "2558"]
[BlackElo "2715"]
[TimeControl "180+1"]
[EndTime "8:41:33 PDT"]
[Termination "Keeper0416 won by resignation"]

1. d4 Nf6 2. c4 e6 3. Nf3 d5 4. Nc3 c5 5. cxd5 Nxd5 6. e4 Nxc3 7. bxc3 cxd4 8. cxd4 Bb4+ 9. Bd2 Bxd2+ 10. Qxd2 O-O 11. Bc4 Nd7 12. O-O b6 13. Rfe1 Bb7 14. Rad1 Rc8 15. Bb3 h6 16. Qf4 Qc7 17. Qe3 Rfe8 18. h3 b5 19. Qd3 Qb6 20. Bc2 b4 21. Ba4 Rc3 22. Qd2 Rd8 23. Qf4 Nf6 24. Bb3 a5 25. Qe5 Qc7 26. d5 Qxe5 27. Nxe5 exd5 28. exd5 Bxd5 29.
Ng4 Nxg4 30. Bxd5 Rxd5 31. Rxd5 Nf6 32. Rxa5 Rc2 33. Rb1 Rc4 34. Rb5 Ne4 35. R5xb4 Rxb4 36.
Rxb4 Nc3 37. Rc4 Nxa2 38. Kf1 Kf8 39. Ke2 Ke7 40. Kd3 Kd6 41. Kc2 Kd5 42. Ra4 1-0

[Event "Early-Titled-Tuesday-Blitz-June-18-2024"]
[Site "Chess.com"]
[Date "2024.06.18"]
[Round "4"]
[White "ValentinDragnev"]
[Black "Hudijegszid"]
[Result "0-1"]
[WhiteElo "2690"]
[BlackElo "2525"]
[TimeControl "180+1"]
[EndTime "8:41:33 PDT"]
[Termination "Hudijegszid won on time"]

1. Nf3 d5 2. e3 Nf6 3. c4 e6 4.
b3 Be7 5. Bb2 O-O 6. Nc3 c5 7.
cxd5 exd5 8. d4 Nc6 9. Be2 Ne4 10. Rc1 Bf6 11. dxc5 Qa5 12. Nd4 Nxc5 13. O-O Nxd4 14.
exd4 Ne6 15. Na4 Bd7 16. Bc3 Qd8 17. Nc5 b6 18. Nxe6 Bxe6 19. Bb4 Re8 20. Ba6 Bc8 21. Bd3 a5 22. Ba3 Ba6 23. Bxa6 Rxa6 24. Rc6 Qa8 25.
Qc2 b5 26. Rxa6 Qxa6 27. Bc5 b4 28. g3 g6 29. Qc1 Qe2 30. Qf4 Kg7 31. h4 h5 32. Qd6 Qxa2 33. Qxd5 Rd8 34. Qc4 a4 35. Bb6 Ra8 36. Qxb4 axb3 37. d5 b2 38. Bd4 Bxd4 39. Qxd4+ Kh7 40. Qb4 Qa1 41. Qb7 Kg7 42. d6 Qxf1+ 43.
Kxf1 Ra1+ 44. Kg2 b1=Q 0-1

[Event "Early-Titled-Tuesday-Blitz-June-18-2024"]
[Site "Chess.com"]
[Date "2024.06.18"]
[Round "4"]
[White "pouya21"]
[Black "KubaGepard"]
[Result "1/2-1/2"]
[WhiteElo "2859"]
[BlackElo "2614"]
[TimeControl "180+1"]
[EndTime "8:41:35 PDT"]
[Termination "Game drawn by repetition"]

1. e4 e5 2. Nc3 Nf6 3. Bc4 Bc5 4. Nf3 d6 5. O-O O-O 6. d3 h6 7. Na4 Nc6 8. Nxc5 dxc5 9. h3 Qe7 10. Be3 b6 11. a3 Be6 12. Bxe6 Qxe6 13. Nh4 Ne7 14. Qf3 g5 15. Nf5 Nxf5 16. exf5 Qd5 17. Qg3 Qd7 18. Qxe5 Nd5 19. c4 Nxe3 20. fxe3 Rae8 21. Qf6 Kh7 22. d4 Rxe3 23. dxc5 bxc5 24. Rad1 Rd3 25. Rxd3 Qxd3 26. Qe7 Qd6 27. Re1 Qd4+ 28. Kh1 Kg7 29. Qxc7 Rd8 30.
Qxa7 Qxc4 31. Qe7 Qd4 32. b3 Rb8 33. Qe3 Kf6 34. g4 Qd5+ 35. Qe4 Qxe4+ 36. Rxe4 Rxb3 37. Kg2 Rxa3 38. Rc4 Ra5 39. Re4 Ra6 40. Kf3 Rc6 41.
Ke3 c4 42. Kd2 c3+ 43. Kc2 Rc5 44. Re8 Rc4 45. Rh8 Kg7 46. Rd8 Rc7 47. Rd6 Rc5 48. Rd3 Kf6 49. Rd6+ Kg7 50. Rd3 Kf6 51. Rd6+ Kg7 1/2-1/2

[Event "Early-Titled-Tuesday-Blitz-June-18-2024"]
[Site "Chess.com"]
[Date "2024.06.18"]
[Round "4"]
[White "LastGladiator1"]
[Black "TheBigBoss04"]
[Result "1-0"]
[WhiteElo "2980"]
[BlackElo "2805"]
[TimeControl "180+1"]
[EndTime "8:41:36 PDT"]
[Termination "LastGladiator1 won on time"]

1. d4 d6 2. Nf3 Nf6 3. c4 g6 4. Nc3 Bg7 5. e4 O-O 6. Be2 Nbd7 7.
O-O e5 8. Re1 a5 9. Be3 Ng4 10.
Bg5 Bf6 11. Bxf6 Ngxf6 12. Qd2 Kg7 13. Rad1 exd4 14. Nxd4 Re8 15. f3 Nc5 16. Ndb5 Bd7 17. Qd4 Bxb5 18. cxb5 Kg8 19. b6 c6 20. Qxd6 Qxb6 21.
Kh1 Ne6 22. Na4 Qb4 23. b3 Rad8 24. Qe5 Nd7 25. Qb2 Ndc5 26. Nxc5 Nxc5 27. Qc1 Ne6 28. Bc4 Nd4 29. Qf4 Qe7 30. e5 Ne6 31. Qe3 b5 32. Bf1 Rxd1 33. Rxd1 Rd8 34. Rxd8+ Qxd8 35. g3 Qd1 36. Kg2 Qc2+ 37. Qf2 Qc3 38. f4 Nd4 39. g4 a4 40. f5 axb3 41. axb3 Qd3 42. Bxd3 1-0

[Event "Early-Titled-Tuesday-Blitz-June-18-2024"]
[Site "Chess.com"]
[Date "2024.06.18"]
[Round "4"]
[White "Mikasinski"]
[Black "Gareth-Bale11"]
[Result "0-1"]
[WhiteElo "2711"]
[BlackElo "2941"]
[TimeControl "180+1"]
[EndTime "8:41:36 PDT"]
[Termination "Gareth-Bale11 won on time"]

1. e4 e5 2. Nf3 Nc6 3. Nc3 Nf6 4. Bb5 Bd6 5. Bxc6 dxc6 6. d4 Bg4 7. dxe5 Bxf3 8.
Qxf3 Bxe5 9. Bf4 Qe7 10. Bxe5 Qxe5 11. O-O-O O-O 12. Qg3 Rfe8 13. Qxe5 Rxe5 14. f3 h5 15. Rd4 Kf8 16. f4 Re7 17. e5 Ng4 18. Kd2 f6 19.
exf6 Nxf6 20. g3 Kf7 21. Re1 Rxe1 22. Kxe1 Re8+ 23. Kd2 Ng4 24. h3 Nf2 25. Rd7+ Re7 26. Rxe7+ Kxe7 27. Ke3 Nxh3 28. Ne4 Ke6 29. Kf3 Kf5 30. Nc5 b6 31. Nb3 c5 32. Nd2 g5 33.
Kg2 Nxf4+ 34. gxf4 Kxf4 35. Nf3 h4 36. Ng1 g4 37.
Kf2 g3+ 38. Kg2 c6 39. Kh3 Ke3 40. Kxh4 g2 41. Kg3 Kd2 42. c4 Kc2 43. Kxg2 Kxb2 44.
Nf3 Kxa2 45. Ne5 Kb3 46. Nxc6 a5 47. Ne5 a4 0-1

[Event "Early-Titled-Tuesday-Blitz-June-18-2024"]
[Site "Chess.com"]
[Date "2024.06.18"]
[Round "4"]
[White "GM_dmitrij"]
[Black "xakevicius91"]
[Result "1-0"]
[WhiteElo "3027"]
[BlackElo "2632"]
[TimeControl "180+1"]
[EndTime "8:41:36 PDT"]
[Termination "GM_dmitrij won by resignation"]

1. Nf3 Nf6 2. b3 b6 3. Bb2 Bb7 4. c4 e6 5. g3 Be7 6. Bg2 O-O 7. O-O c5 8. Nc3 d6 9. Rc1 Nbd7 10. d4 cxd4 11. Qxd4 a6 12. Rfd1 Qc7 13. Qf4 Rfd8 14. h3 Rac8 15. g4 Ne5 16. Nxe5 dxe5 17. Qg3 Bxg2 18.
Qxg2 h6 19. h4 Nh7 20. Qg3 Rxd1+ 21. Rxd1 Rd8 22. h5 Nf6 23. f3 b5 24. Rxd8+ Bxd8 25.
cxb5 axb5 26. Kg2 b4 27. Na4 Qc2 28. Qxe5 Bc7 29. Qc5 Qxe2+ 30. Qf2 Qd1 31. Bxf6 gxf6 32. Nb2 Qd6 33. Kh3 f5 34. gxf5 exf5 35. Nc4 Qe6 36.
Kg2 f4 37. Kh2 Qf5 38. Qg2+ Kh8 39. Qg4 Qc2+ 40. Kh3 Bd8 41. Qxf4 Qd1 42. Qxh6+ Kg8 43. Qe3 Qh1+ 44. Kg3 Qh4+ 45. Kg2 Qxh5 46. Qe8+ Kg7 47.
Qxd8 Qg5+ 48. Qxg5+ 1-0

[Event "Early-Titled-Tuesday-Blitz-June-18-2024"]
[Site "Chess.com"]
[Date "2024.06.18"]
[Round "4"]
[White "ShahMatKanal"]
[Black "JiaHaoxiang"]
[Result "1/2-1/2"]
[WhiteElo "2474"]
[BlackElo "2640"]
[TimeControl "180+1"]
[EndTime "8:41:36 PDT"]
[Termination "Game drawn by repetition"]

1. e4 c5 2. Nf3 d6 3. d4 cxd4 4. Nxd4 Nf6 5. Nc3 g6 6. Be3 Bg7 7. f3 O-O 8. Bc4 Nc6 9. Qd2 Bd7 10. O-O-O Rc8 11. Bb3 Ne5 12. h4 h5 13. g4 hxg4 14. h5 Nxh5 15. Bh6 e6 16. Bxg7 Kxg7 17. f4 Nc4 18. Qf2 Qf6 19. f5 g3 20. Qe2 Qg5+ 21. Kb1 Nf4 22. Qf3 Ne5 23. Qe3 g2 24. Rhg1 exf5 25. Nd5 Ng4 26. Qxf4 Qxf4 27. Nxf4 fxe4 28. Rde1 Rce8 29. Rxg2 Rh8 30. a4 f5 31. Ka2 Rh2 32.
Rxh2 Nxh2 33. Rg1 Ng4 34. a5 g5 35. Nd5 f4 36. a6 bxa6 37. Ba4 Bxa4 38. Rxg4 Re5 39. Nxf4 Kf6 40. Nfe2 Bd7 41. Rg3 g4 42. c3 Kg5 43. b4 e3 44. Kb3 Be8 45. c4 Bf7 46. Kc3 Kh4 47. Kd3 Bg6+ 48. Kc3 Bf7 49. Rg1 Kh3 50. Rg3+ Kh4 1/2-1/2

[Event "Early-Titled-Tuesday-Blitz-June-18-2024"]
[Site "Chess.com"]
[Date "2024.06.18"]
[Round "4"]
[White "Timerkhanov"]
[Black "FGHSMN"]
[Result "1-0"]
[WhiteElo "2720"]
[BlackElo "2904"]
[TimeControl "180+1"]
[EndTime "8:41:37 PDT"]
[Termination "Timerkhanov won on time"]

1. d4 g6 2. e4 Bg7 3. Nc3 e6 4. h4 h6 5. Nf3 Ne7 6. Bd3 d6 7.
Qe2 Nd7 8. Bd2 a6 9. e5 d5 10. Na4 b6 11. b4 Bb7 12. O-O c5 13.
bxc5 bxc5 14. Rab1 Qc7 15. Nxc5 Nxc5 16. dxc5 O-O 17.
h5 Rab8 18. hxg6 fxg6 19. Nd4 Bc8 20. Rxb8 Qxb8 21. f4 Qc7 22. Be3 Nf5 23. Nxf5 gxf5 24. Rb1 Qa5 25. c4 Kh8 26. cxd5 exd5 27. Rb6 Qc3 28.
Qd2 Qa3 29. Bd4 Qa4 30. Qf2 Qd1+ 31. Bf1 a5 32. Rb3 a4 33. Rd3 Qb1 34. e6 Ba6 35.
Bxg7+ Kxg7 36. Qd4+ Kh7 37. Rf3 Bxf1 38. Rxf1 Qxa2 39. e7 Rg8 40. Rf2 Qb1+ 41. Kh2 a3 42.
Qf6 a2 43. Qf7+ Rg7 44. e8=Q 1-0

[Event "Early-Titled-Tuesday-Blitz-June-18-2024"]
[Site "Chess.com"]
[Date "2024.06.18"]
[Round "4"]
[White "Korona_91"]
[Black "Matalon"]
[Result "1-0"]
[WhiteElo "2682"]
[BlackElo "2449"]
[TimeControl "180+1"]
[EndTime "8:41:37 PDT"]
[Termination "Korona_91 won on time"]

1. e4 c5 2. Nf3 d6 3. Bb5+ Bd7 4. c4 Nc6 5. Nc3 g6 6. d4 Bg7 7. Be3 cxd4 8. Nxd4 Nf6 9. h3 O-O 10. O-O Rc8 11.
Bxc6 Bxc6 12. Nxc6 Rxc6 13. b3 a6 14. Rc1 Qa5 15.
a4 Rfc8 16. Qd3 e6 17. Ne2 Nd7 18. Bd2 Qd8 19. a5 Nc5 20. Qf3 Qf6 21. Qe3 Qe5 22.
f3 Qb2 23. Rb1 Qa2 24. Bc3 Bxc3 25. Nxc3 Qc2 26. Ne2 Qd3 27. Qxd3 Nxd3 28. Nd4 Rc5 29. Rfd1 Nb4 30. Ra1 d5 31. exd5 exd5 32. Ra4 Nc6 33. Nxc6 bxc6 34. cxd5 cxd5 35. Rad4 Rxa5 36. Rxd5 Ra2 37.
R5d2 Rxd2 38. Rxd2 Rc3 39. Rd8+ Kg7 40. Rb8 Rc2 41.
Kh2 Rb2 42. Kg3 a5 43. Rb5 h5 44. h4 Kf6 45. Kh3 Kg7 46. g4 hxg4+ 47. fxg4 f5 48.
g5 Rc2 49. Kg3 Rc3+ 50. Kf4 Rh3 51. Rxa5 Rxh4+ 52. Ke5 Re4+ 53. Kd5 1-0

[Event "Early-Titled-Tuesday-Blitz-June-18-2024"]
[Site "Chess.com"]
[Date "2024.06.18"]
[Round "4"]
[White "mostafa_sakha"]
[Black "Roachelley"]
[Result "1/2-1/2"]
[WhiteElo "2382"]
[BlackElo "2541"]
[TimeControl "180+1"]
[EndTime "8:41:37 PDT"]
[Termination "Game drawn by repetition"]

1. d4 d5 2. c4 e6 3. Nc3 Be7 4. cxd5 exd5 5. Bf4 c6 6. e3 Nf6 7.
Bd3 O-O 8. Nf3 Nbd7 9. Qc2 Re8 10. h3 Nf8 11. O-O-O Ne6 12. Be5 g6 13. g4 b5 14.
Kb1 a6 15. Rdg1 c5 16. dxc5 Nxc5 17. Nd4 Bb7 18. h4 Nxd3 19. Qxd3 Ne4 20. Bg3 Rc8 21. h5 Rxc3 22. bxc3 Qa5 23. Rc1 Rc8 24. hxg6 fxg6 25.
Ne2 Bf6 26. f3 Nxg3 27. Nxg3 Bxc3 28. Rc2 Qa3 29. Ne2 b4 30. Nxc3 bxc3 31. Rhc1 d4 32. e4 Rc5 33. Ka1 Rb5 34. Qc4+ Kf8 35. Qxd4 Rb2 36. Qd8+ Kf7 37. Qc7+ Kf8 38. Qd8+ Kf7 39.
Qd7+ Kf8 40. Qd8+ 1/2-1/2